AoeStats
← Julix

Arabia

510503567Analyzed
1v1 RM · 1d ago on Oct 1, 2026· 43m 38s· 2 players
Game mode
Random Map
Map size
Tiny (2 player)
Population
200
Speed
Normal
Resources
Standard
Victory
Conquest
Starting age
Dark Age
Ending age
Imperial Age
RankedLock teamsTeams togetherTeam positionsShared explorationLock speedFull tech treeHidden civsTurbo modeCheats
Victory
Defeat
🇹🇼 Burgundians · Taiwan
1484
+13
🇭🇰 Cumans · Hong Kong SAR China
1422
-13
Kelly271888
5:28 Loom
10:03 Feudal Age
10:48 Double-Bit Axe
15:52 Horse Collar
21:04 Castle Age
19:19 Fletching
19:55 Gold Mining
21:41 Bloodlines
22:05 Bow Saw
22:08 Town Watch
22:20 Bodkin Arrow
23:09 Padded Archer Armor
25:16 Wheelbarrow
27:03 Leather Archer Armor
29:54 Scale Barding Armor
33:03 Ballistics
37:29 Imperial Age
37:15 Chain Barding Armor
37:17 Forging
38:46 Ring Archer Armor
40:41 Murder Holes
41:56 Parthian Tactics
Julix
6:56 Loom
9:54 Feudal Age
8:54 Double-Bit Axe
15:54 Horse Collar
20:17 Castle Age
18:46 Bow Saw
18:53 Heavy Plow
19:17 Forging
20:07 Scale Barding Armor
23:23 Chain Barding Armor
24:12 Wheelbarrow
23:29 Cavalier
27:30 Husbandry
32:21 Elite Skirmisher
33:41 Fletching
35:20 Bodkin Arrow
36:02 Iron Casting
39:58 Imperial Age
39:46 Stone Mining
39:46 Gold Mining
40:30 Burgundian Vineyards
40:38 Padded Archer Armor
41:45 Plate Barding Armor
42:49 Gold Shaft Mining
44:35 Blast Furnace
Connection lost

Rejoining the realm…

Still unreachable

The connection could not be restored.

Session expired

The server has moved on; the page needs a fresh start.